 Dungeon Sprint DCSS version 0.22.0-16-gc6d26f6 (webtiles) character file.

3300000 poirepourri the Middleweight Champion (level 20, -12/216 HPs)
             Began as a Ghoul Gladiator on Aug 18, 2018.
             Was an Elder of Makhleb.
             Mangled by The Servant
             ... wielding a +9 glaive of flaming
              (41 damage)
             ... in the Dungeon (Sprint VIII: "Arena of Blood").
             The game lasted 00:00:37 (33 turns).

poirepourri the Middleweight Champion (GhGl)          Turns: 33, Time: 00:00:38

Health: -12/216    AC:  6    Str: 21    XL:     20   Next: 12%
Magic:  19/19      EV: 32    Int:  3    God:    Makhleb [****..]
Gold:   0          SH:  0    Dex: 16    Spells: 19/19 levels left

rFire    . . .     SeeInvis .   k - +∞ Axe of Woe
rCold    + . .     Gourm    .   (shield currently unavailable)
rNeg     + + +     Faith    .   a - +0 leather armour
rPois    ∞         Spirit   .   b - +0 helmet
rElec    .         Reflect  .   (no cloak)
rCorr    .         Harm     .   (no gloves)
MR       +....     NoTele   +   (no boots)
Stlth    +.........             (no amulet)
HPRegen  0.00/turn              (no ring)
MPRegen  0.16/turn              (no ring)

@: rotting
A: rotting body, claws 1, carnivore, cold resistance 1, negative energy
resistance 3, inhibited regeneration, torment resistance, unbreathing
a: Minor Destruction, Lesser Servant of Makhleb, Major Destruction, Renounce
Religion


You were in the Dungeon.
You worshipped Makhleb.
Makhleb was greatly pleased with you.
You were not hungry.

You visited 1 branch

Inventory:

Hand Weapons
 k - the +∞ Axe of Woe (weapon)
   (You found it in the Dungeon)
Missiles
 c - 3 throwing nets (quivered)
Armour
 a - a +0 leather armour (worn)
 b - a +0 helmet (worn)
Scrolls
 j - a scroll of blinking
Potions
 e - a potion of curing
 f - a potion of heal wounds
 g - a potion of haste
 h - 2 potions of magic
 i - a potion of berserk rage
Comestibles
 d - a ration


   Skills:
 O Level 27 Fighting
 O Level 27 Axes
 O Level 27 Throwing
 + Level 16.1 Armour
 O Level 27 Dodging
 O Level 27 Unarmed Combat


You had 19 spell levels left.
You didn't know any spells.
Your spell library was empty.

Dungeon Overview and Level Annotations

Branches:
Dungeon (1/1)

Altars:
Makhleb

Annotations:
D The Servant


Innate Abilities, Weirdness & Mutations

Your body is rotting away.
You thrive on raw meat.
You are immune to poison.
You have sharp fingernails.
You are carnivorous and can eat meat at any time.
Your flesh is cold resistant. (rC+)
You are immune to negative energy. (rN+++)
You do not regenerate when monsters are visible.
You are immune to unholy pain and torment.
You can survive without breathing.


Message History

Press < or > to pray at altars.
Unknown command.
Press < or > to pray at altars.
You hit the destroyer.
You pulverise the destroyer into a thin bloody mist.
You destroy the destroyer!
Makhleb accepts your kill.
You can now hurl Makhleb's greater destruction.
You have mastered Throwing!
Your Armour skill gained 11 levels and is now at level 16!
You have reached level 20!
You feel stronger.
You are engulfed in blazing flames.
You hear a shout! x6
The Servant is engulfed in blazing flames.
The Servant hits you from afar with a +9 glaive of flaming!!!!
Ouch! That really hurt!
* * * LOW HITPOINT WARNING * * *
The Servant burns you!!!
You die...

..... .. #...
.# . #..o ..#
..###... ..###.
......###§.....
..o@o_.§....
#§.o..# #@§VO_#
#)....#
....._......
......###......
.o###... ..###.
. #... ..# #...
.# ..... ..


You could see The Servant, a destroyer, a meat berserker (berserk) and 4 bags of
meat.

Vanquished Creatures
  A vampire knight (D)
  6 ogres (D)
  A two-headed ogre (D)
  5 orcs (D)
13 creatures vanquished.

Notes
Turn   | Place    | Note
-------+----------+-------------------------------------------
     0 | D        | Found the +∞ Axe of Woe
     0 | D        | poirepourri the Ghoul Gladiator began the quest for the Orb.
     0 | D        | Reached XP level 1. HP: 17/17 MP: 0/0
     1 | D        | Noticed a meat berserker
     1 | D        | Noticed a meat berserker
     1 | D        | Noticed a bag of meat
     4 | D        | Killed a meat berserker
     4 | D        | Reached skill level 10 in Throwing
     4 | D        | Reached XP level 2. HP: 42/42 MP: 1/1
     4 | D        | Reached XP level 3. HP: 49/49 MP: 2/2
     4 | D        | Reached XP level 4. HP: 57/57 MP: 3/3
     4 | D        | Reached XP level 5. HP: 63/63 MP: 4/4
     4 | D        | Reached XP level 6. HP: 71/71 MP: 5/5
     4 | D        | Reached XP level 7. HP: 78/78 MP: 6/6
     4 | D        | Reached XP level 8. HP: 85/85 MP: 7/7
     4 | D        | Reached XP level 9. HP: 92/92 MP: 8/8
     4 | D        | Reached XP level 10. HP: 100/100 MP: 9/9
     4 | D        | Reached XP level 11. HP: 106/106 MP: 10/10
     4 | D        | Reached XP level 12. HP: 113/113 MP: 11/11
     4 | D        | Reached XP level 13. HP: 119/119 MP: 12/12
     4 | D        | Noticed a bag of meat
     5 | D        | Killed a meat berserker
     5 | D        | Reached XP level 14. HP: 133/133 MP: 13/13
     5 | D        | Noticed a meat berserker
     5 | D        | Noticed a bag of meat
     6 | D        | Became a worshipper of Makhleb the Destroyer
     8 | D        | Killed a meat berserker
     8 | D        | Reached XP level 15. HP: 145/145 MP: 14/14
     9 | D        | Reached * piety under Makhleb
     9 | D        | Reached skill level 10 in Axes
     9 | D        | Reached skill level 27 in Unarmed Combat
     9 | D        | Reached XP level 16. HP: 155/155 MP: 15/15
    17 | D        | Reached skill level 15 in Throwing
    20 | D        | Noticed a meat berserker
    21 | D        | Reached ** piety under Makhleb
    21 | D        | Reached skill level 27 in Dodging
    21 | D        | Reached XP level 17. HP: 170/170 MP: 16/16
    21 | D        | Noticed a large bag of meat
    24 | D        | Killed a meat berserker
    24 | D        | Reached XP level 18. HP: 188/188 MP: 17/17
    24 | D        | Noticed a meat berserker
    25 | D        | Noticed a meat berserker
    25 | D        | Noticed The Servant
    27 | D        | Killed a meat berserker
    27 | D        | Reached *** piety under Makhleb
    27 | D        | Noticed a destroyer
    28 | D        | Killed a large bag of meat
    28 | D        | Reached skill level 27 in Fighting
    28 | D        | Reached XP level 19. HP: 197/207 MP: 18/18
    29 | D        | Noticed a destroyer
    30 | D        | Noticed a meat berserker
    31 | D        | Killed a meat berserker
    31 | D        | Reached skill level 27 in Axes
    31 | D        | Reached skill level 5 in Armour
    33 | D        | Killed a destroyer
    33 | D        | Reached **** piety under Makhleb
    33 | D        | Reached skill level 27 in Throwing
    33 | D        | Reached XP level 20. HP: 159/216 MP: 19/19
    33 | D        | Mangled by The Servant

Skill      XL: |  1  2  3  4  5  6  7  8  9 10 11 12 13 14 15 16 17 18 19 |
---------------+----------------------------------------------------------+-----
Fighting       | 12 14 16 17 19 23 27 | 27.0
Axes           | 4 6 9 10 14 20 25 27 | 27.0
Throwing       | 10 12 13 14 16 19 21 27 | 27.0
Dodging        | 18 21 23 24 27 | 27.0
Unarmed Combat | 21 24 26 27 | 27.0
Armour         | 16 | 16.1

Action                   |  1- 3 |  4- 6 |  7- 9 | 10-12 | 13-15 | 16-18 | 19-21 || total
-------------------------+-------+-------+-------+-------+-------+-------+-------++-------
Melee: Executioner's axe |     1 |       |       |       |     3 |     7 |     2 ||    13
Dodge: Dodged            |       |       |       |       |     2 |     1 |     1 ||     4
